 Dungeon Crawl Stone Soup version 0.30-a0-354-g6b83867211 (webtiles) character file.

Game seed: 12248815110781232656

1148 Sweetruy1997 the Chopper (level 8, -11/60 HPs)
             Began as a Demonspawn Chaos Knight on Oct 26, 2022.
             Was a Plaything of Xom.
             Mangled by porpoise's ghost (19 damage)
             ... on level 5 of the Dungeon on Nov 8, 2022.
             The game lasted 00:12:35 (4753 turns).

Sweetruy1997 the Chopper (Demonspawn Chaos Knight)  Turns: 4753, Time: 00:12:35

Health: -11/60     AC:  8    Str: 14    XL:     8   Next: 15%
Magic:  8/8        EV: 12    Int: 13    God:    Xom [......]
Gold:   126        SH:  0    Dex: 14    Spells: 7/7 levels left

rFire   . . .      SeeInvis .    a - +1 hand axe (chaos)
rCold   . . .      Faith    .    (no shield)
rNeg    . . .      Spirit   .    b - +2 leather armour
rPois   .          Reflect  .    (no helmet)
rElec   .          Harm     .    (no cloak)
rCorr   +          Rampage  .    (no gloves)
Will    .....                    t - +0 pair of boots
Stlth   ++........               p - amulet of Ynad Tiheo {RegenMP Str+2}
HPRegen 0.30/turn                h - ring of resist corrosion
MPRegen 0.51/turn                (no ring)

@: slowed movement, very slow
A: thin metallic scales 1, foul stench 2, spiny 1, claws 1, hooves 2, dopey 1,
mutation resistance 1, MP-powered wands
a: Renounce Religion


You were on level 5 of the Dungeon.
You worshipped Xom.
You were a very special plaything of Xom.
You visited 1 branch of the dungeon, and saw 5 of its levels.

You collected 126 gold pieces.

Inventory:

Hand Weapons
 a - a +1 hand axe of chaos (weapon)
Armour
 b - a +2 leather armour (worn)
 t - a +0 pair of boots (worn)
Jewellery
 h - a ring of resist corrosion (left claw)
 p - the amulet of Ynad Tiheo (around neck) {RegenMP Str+2}
   (You found it on level 4 of the Dungeon)

   [amulet of magic regeneration]

   It increases your rate of magic regeneration.
   Str:       It affects your strength (+2).
Wands
 r - a wand of polymorph (5)
 w - a wand of flame (7)
Scrolls
 d - a scroll of teleportation
 f - 2 scrolls of fog
 l - a scroll of noise
 m - 2 scrolls of immolation
 o - a scroll of torment {unknown}
 s - a scroll of summoning {unknown}
Potions
 e - 3 potions of heal wounds
 g - a potion of attraction {unknown}
 i - 2 potions of lignification
 j - a potion of magic {unknown}
 k - a potion of mutation
 n - a potion of invisibility {unknown}
 q - a potion of cancellation {unknown}
 v - a potion of curing
Miscellaneous
 c - a piece from Xom's chessboard (13/15)


   Skills:
 + Level 4.2 Fighting
 + Level 5.0 Axes
 + Level 4.7 Throwing
 + Level 3.5 Armour
 + Level 2.8 Dodging
 + Level 2.4 Stealth
 + Level 1.4 Evocations


You had 7 spell levels left.
You didn't know any spells.
Your spell library contained the following spells:

 Spells                   Type           Power      Damage    Failure   Level
 Freeze                   Ice            0%         1d3       36%         1
 Cigotuvi's Dreadful Rot  Necr/Pois/Air  0%         N/A       50%         2
 Poisonous Vapours        Pois/Air       0%         N/A       50%         2
 Frozen Ramparts          Ice            0%         1d1       75%         3
 Hailstorm                Conj/Ice       0%         3d3       75%         3
 Mephitic Cloud           Conj/Pois/Air  0%         N/A       75%         3
 Ozocubu's Armour         Ice            0%         N/A       75%         3
 Ozocubu's Refrigeration  Ice            0%         4d7       100%        7


Dungeon Overview and Level Annotations

Branches:
Dungeon (5/15)
 Temple: D:4-7

Altars:
Ru
Uskayaw
Xom

Annotations:
D:5 1 transporter, porpoise's ghost, novice DjFE


Innate Abilities, Weirdness & Mutations

You are partially covered in thin metallic scales. (AC +2)
You sometimes emit foul miasma when damaged in melee.
You are partially covered in sharp spines.
You have sharp fingernails.
You have hoof-like feet.
You are dopey. (Int -2)
You are somewhat resistant to further mutation.
You expend magic power (3 MP) to strengthen your wands.


Message History

The javelin closely misses porpoise's ghost.
You make a move on Xom's chessboard...
Porpoise's ghost is unaffected.
You make a move on Xom's chessboard...
Porpoise's ghost resists with almost no effort.
Porpoise's ghost liquefies the ground around itself!
Your unstable footing causes you to fumble your attack.
Porpoise's ghost closely misses you.
You hit porpoise's ghost.
Porpoise's ghost is lightly damaged.
Porpoise's ghost is struck by your spines.
Porpoise's ghost hits you but does no damage.
You are electrocuted!
A shower of butterflies erupts from you!
You hit porpoise's ghost.
Porpoise's ghost seems to grow stronger.
Porpoise's ghost is lightly damaged.
Xom briefly touches your surroundings.
Porpoise's ghost hits you but does no damage.
You hit porpoise's ghost.
Porpoise's ghost's magic leaks into the air.
Porpoise's ghost is moderately damaged.
Porpoise's ghost is struck by your spines.
Porpoise's ghost hits you.
You barely miss porpoise's ghost.
Porpoise's ghost is moderately damaged.
Porpoise's ghost's magic is no longer disrupted.
Porpoise's ghost is struck by your spines.
Porpoise's ghost hits you but does no damage.
You are electrocuted!!
You hit porpoise's ghost but do no damage.
Porpoise's ghost flickers and vanishes!
Deactivating autopickup; reactivate with Ctrl-A.
Something hits you.
You are electrocuted!
* * * LOW HITPOINT WARNING * * *
Your unstable footing causes you to fumble your attack.
Something hits you.
* * * LOW HITPOINT WARNING * * *
You are electrocuted!!
You die...
Xom is highly amused!

# #..# ##.####..###....#.....###
# #..####.................###....
# #.............©...).....# #...<
# #.........#########...#.###....
# ##..##...##8.$$$.8##..#.....#..
# #..##...#.....b..©#......###..
####.†##...#.#bbbb.#.#..####....#
...........#..#.bb#..#..####.##..
####..##...#....@b...#.........#.
#..##...#.[#b{b#..#.).###.##.#
#..##...#.#.bbb.#.#...# #.##.#
####..##...#.....b..?#...# #.##.#
#.....##...##8..(..8##...# #.##.#
#.##.###....#########....###.#...
#.##.# #......[.©............#..#
#.##.# #.#......[[.....#.###.#..#
#.##.# #.##..#...###.#.#.# #.#..#


There were no monsters in sight!

Vanquished Creatures
  Sigmund (D:2)
  An ice beast (D:5)
  A centaur (D:4)
  A phantom (D:5)
  A necrophage (D:5)
  A scorpion (D:4)
  3 jellies
  6 hounds (D:5)
  A gnoll bouda (D:4)
  4 iguanas (D:5)
  3 adders
  3 gnolls (D:4)
  An ufetubus (D:5)
  2 worms (D:2)
  4 dart slugs
  3 orcs
  2 ball pythons (D:4)
  8 bats
  6 endoplasms
  A giant cockroach (D:1)
  7 goblins
  6 hobgoblins
  5 kobolds
  3 quokkas
  5 frilled lizards
  5 rats
84 creatures vanquished.

Notes
Turn   | Place    | Note
-------+----------+-------------------------------------------
     0 | D:1      | Sweetruy1997 the Demonspawn Chaos Knight began the quest
                  | for the Orb.
     0 | D:1      | Reached XP level 1. HP: 18/18 MP: 1/1
   185 | D:1      | Reached skill level 3 in Axes
   290 | D:1      | XOM: butterfly on damage
   396 | D:1      | Gained mutation: You are partially covered in sharp spines.
                  | [demonic ancestry]
   396 | D:1      | Reached XP level 2. HP: 24/24 MP: 2/2
   840 | D:1      | XOM: divination: detect creatures
   867 | D:2      | Found a hide-covered altar of Uskayaw.
   933 | D:2      | Gained mutation: You are partially covered in thin metallic
                  | scales. (AC +2) [demonic ancestry]
   933 | D:2      | Reached XP level 3. HP: 29/29 MP: 3/3
  1067 | D:2      | XOM: silly message
  1125 | D:2      | Reached skill level 1 in Dodging
  1175 | D:2      | Noticed Sigmund
  1180 | D:2      | XOM: silly message
  1181 | D:2      | XOM: chaos cloud
  1208 | D:2      | Killed Sigmund
  1209 | D:2      | Reached skill level 1 in Throwing
  1209 | D:2      | Reached skill level 1 in Stealth
  1209 | D:2      | Reached skill level 1 in Evocations
  1209 | D:2      | Reached XP level 4. HP: 5/35 MP: 4/4
  1209 | D:2      | Reached XP level 5. HP: 6/41 MP: 5/5
  1624 | D:2      | XOM: give mutations
  1624 | D:2      | Gained mutation: You are dopey. (Int -2) [Xom's mischief]
  1624 | D:2      | Gained mutation: You are weak. (Str -2) [Xom's mischief]
  1624 | D:2      | Gained mutation: You are frail. (-10% HP) [Xom's mischief]
  1981 | D:3      | Found a faded altar of an unknown god.
  2225 | D:3      | XOM: scenery: 1 doors open
  2266 | D:3      | XOM: god gift: potion of lignification
  2410 | D:4      | Upgraded the game from 0.30-a0-313-gae38170b09 to
                  | 0.30-a0-354-g6b83867211
  2423 | D:4      | Reached skill level 4 in Axes
  2704 | D:4      | Reached XP level 6. HP: 34/42 MP: 6/6
  2779 | D:4      | XOM: give mutations
  2779 | D:4      | Gained mutation: You have sharp fingernails. [Xom's grace]
  2779 | D:4      | Gained mutation: You expend magic power (3 MP) to
                  | strengthen your wands. [Xom's grace]
  2779 | D:4      | Gained mutation: You have an increased reservoir of magic.
                  | (+10% MP) [Xom's grace]
  2830 | D:4      | Identified the amulet of Ynad Tiheo {RegenMP Str+2}
  3043 | D:4      | XOM: give mutations
  3043 | D:4      | Gained mutation: You have a pair of small horns on your
                  | head. [Xom's grace]
  3043 | D:4      | Gained mutation: You have large cloven feet. [Xom's grace]
  3043 | D:4      | Gained mutation: Your spells are a little harder to cast,
                  | but a little more powerful. [Xom's grace]
  3043 | D:4      | Gained mutation: You have hoof-like feet. [Xom's grace]
  3291 | D:4      | Gained mutation: You may rarely emit foul miasma when
                  | damaged in melee. [demonic ancestry]
  3291 | D:4      | Reached XP level 7. HP: 47/47 MP: 7/7
  3600 | D:4      | XOM: give mutations
  3600 | D:4      | Lost mutation: You are frail. (-10% HP) [Xom's grace]
  3600 | D:4      | Lost mutation: You are weak. (Str -2) [Xom's grace]
  3671 | D:5      | Entered Level 5 of the Dungeon
  3720 | D:5      | Found a transporter.
  3730 | D:5      | Found a transporter.
  3730 | D:5      | Noticed porpoise's ghost (novice DjFE)
  3794 | D:5      | XOM: scenery: summon butterflies
  4028 | D:5      | XOM: scenery: summon butterflies
  4161 | D:5      | Found a sacrificial altar of Ru.
  4247 | D:5      | Gained mutation: You sometimes emit foul miasma when
                  | damaged in melee. [demonic ancestry]
  4247 | D:5      | Reached XP level 8. HP: 42/60 MP: 8/8
  4247 | D:5      | XOM: scenery: create altars
  4382 | D:5      | Lost mutation: You have an increased reservoir of magic.
                  | (+10% MP) [potion of mutation]
  4382 | D:5      | Lost mutation: Your spells are a little harder to cast, but
                  | a little more powerful. [potion of mutation]
  4382 | D:5      | Lost mutation: You have a pair of small horns on your head.
                  | [potion of mutation]
  4382 | D:5      | Gained mutation: You are somewhat resistant to further
                  | mutation. [potion of mutation]
  4390 | D:5      | XOM: chaos cloud
  4393 | D:5      | Paralysed by you for 4 turns
  4398 | D:5      | XOM: 3-stop teleportation journey
  4520 | D:5      | Reached skill level 5 in Axes
  4748 | D:5      | XOM: butterfly on damage
  4749 | D:5      | XOM: scenery: summon butterflies
  4753 | D:5      | Mangled by porpoise's ghost

Illustrated notes

Levels and vault maps discovered:
D:1:      sevenhm_arrival_forest_fort_small_5, layout_basic
D:2:      layout_basic, basic_altar, dreamdust_princess_corridor, uniq_sigmund
D:3:      layout_basic, shapermc_ecumenical_altar_totnotflames,
          kennysheep_another_room
D:4:      layout_basic
D:5:      layout_loops_ring, nicolae_ru_path_of_blood, serial_glass,
          glass_columns_a, glass_columns_b, gammafunk_ghost_arena,
          grunt_decor_junction

Skill      XL: |  1  2  3  4  5  6  7  8 |
---------------+-------------------------+-----
Axes           | 3 4 5 |  5.0
Armour         | 2 3 |  3.5
Dodging        | 1 2 |  2.8
Throwing       | 1 2 3 4 |  4.7
Stealth        | 1 2 |  2.4
Evocations     | 1 |  1.4
Fighting       | 4 |  4.2

Action                   |  1- 3 |  4- 6 |  7- 9 || total
-------------------------+-------+-------+-------++-------
Melee: Hand axe          |    78 |    28 |    70 ||   176
       Headbutt          |       |       |    12 ||    12
Throw: Javelin           |    22 |    36 |    22 ||    80
Evoke: Piece from Xom's  |    13 |       |     2 ||    15
  Use: Scroll            |     5 |     2 |     1 ||     8
       Potion            |       |       |     2 ||     2
 Stab: Petrified         |     4 |       |       ||     4
       Paralysed         |     1 |       |       ||     1
       Sleeping          |       |       |     1 ||     1
Armor: Leather armour    |    22 |    18 |    29 ||    69
Dodge: Dodged            |    32 |    25 |    34 ||    91

Table legend: (Time is in decaauts)
 A = Elapsed time spent in this place.
 B = Non-inter-level travel time spent in this place.
 C = Inter-level travel time spent in this place.
 D = Time resting spent in this place.
 E = Time spent auto-exploring this place.
 F = Levels seen in this place.
 G = Mean time per level.
                   A        B        C        D        E       F      G
               +--------+--------+--------+--------+--------+-----+--------+
         Total |   4814 |   4703 |    111 |    151 |   3802 |   5 |  962.8 |
       Dungeon |   4814 |   4703 |    111 |    151 |   3802 |   5 |  962.8 |
               +--------+--------+--------+--------+--------+-----+--------+

Top non-repeatable levels by time:
     D:4: 1277 daAuts
     D:5: 1103 daAuts
     D:2: 904 daAuts
     D:1: 858 daAuts
     D:3: 669 daAuts
